PL
WIZARDING EXPRESS @ OAKLAND OAKS
06/21/2027
 
TOP OF THE 1ST
Wizarding Express batting - Pitching for Oakland Oaks : RHP Matt Webber
Pitching: RHP Matt Webber
Batting: RHB António Martínez 0-0: Foul Ball, location: 2F
0-1: Foul Ball, location: 2F
0-2: Ball
1-2: Foul Ball, location: 2F
1-2: Ball
2-2: Ball
3-2: Foul Ball, location: 2F
3-2: Foul Ball, location: 2F
3-2: Ground out 5-3 (Groundball, 5L)
Batting: SHB Salvador Trevino 0-0: Ground out 4-3 (Groundball, 34D)
Batting: LHB José Corona 0-0: Called Strike
0-1: Foul Ball, location: 2F
0-2: Strikes out swinging
Top of the 1st over - 0 run(s), 0 hit(s), 0 error(s), 0 left on base; Wizarding 0 - Oakland 0
BOTTOM OF THE 1ST
Oakland Oaks batting - Pitching for Wizarding Express : LHP Todd Hines
Pitching: LHP Todd Hines
Batting: SHB Luis Luquín 0-0: Ball
1-0: Called Strike
1-1: Ball
2-1: SINGLE (Groundball, 34D)
Batting: LHB Todd Henry 0-0: SINGLE (Groundball, 4D)
Luis Luquín to second
Runner from 2nd tries for 3rd, OUT!
Batting: LHB Edwin Church 0-0: Called Strike
0-1: Called Strike
0-2: Hit by Pitch
Todd Henry to second
Batting: RHB Micah Coffey 0-0: Called Strike
0-1: Swinging Strike
0-2: Strikes out swinging
Batting: LHB Jorge Vargas 0-0: Swinging Strike
0-1: Ball
1-1: SINGLE (Groundball, 4MD)
Todd Henry to third
Edwin Church to second
Runner from 3rd tries for Home, SAFE, no throw
Batting: LHB David Holbrook 0-0: Ball
1-0: Swinging Strike
1-1: Ball
2-1: Foul Ball, location: 2F
2-2: Strikes out swinging
Bottom of the 1st over - 1 run(s), 3 hit(s), 0 error(s), 2 left on base; Wizarding 0 - Oakland 1
TOP OF THE 2ND
Wizarding Express batting - Pitching for Oakland Oaks : RHP Matt Webber
Batting: LHB Nathan Tanner 0-0: Ground out 4-3 (Groundball, 4)
Batting: SHB Fernando Sánchez 0-0: Ball
1-0: Fly out, F8 (Line Drive, 89D)
Batting: RHB Rafael Arredondo 0-0: Ball
1-0: Ball
2-0: Ball
3-0: Foul Ball, location: 2F
3-1: Called Strike
3-2: Base on Balls
Batting: RHB Chi-ju Zhang 0-0: Ball
1-0: Called Strike
1-1: SINGLE (Line Drive, 56D)
Rafael Arredondo to second
Batting: SHB Félix Cruz 0-0: Foul Ball, location: 2F
0-1: Foul Ball, location: 2F
0-2: Strikes out swinging
Top of the 2nd over - 0 run(s), 1 hit(s), 0 error(s), 2 left on base; Wizarding 0 - Oakland 1
BOTTOM OF THE 2ND
Oakland Oaks batting - Pitching for Wizarding Express : LHP Todd Hines
Batting: RHB Manuel Rodríguez 0-0: Bunt for hit - play at first, batter OUT! 5-3
Batting: SHB Orlando Villa 0-0: Ball
1-0: Called Strike
1-1: Ball
2-1: Ground out 6-3 (Groundball, 6)
Batting: LHB Bryce Reilly 0-0: Swinging Strike
0-1: Foul Ball, location: 2F
0-2: Ball
1-2: Ball
2-2: Strikes out looking
Bottom of the 2nd over - 0 run(s), 0 hit(s), 0 error(s), 0 left on base; Wizarding 0 - Oakland 1
TOP OF THE 3RD
Wizarding Express batting - Pitching for Oakland Oaks : RHP Matt Webber
Batting: SHB Emílio Gonzáles 0-0: Ball
1-0: Foul Ball, location: 2F
1-1: Ball
2-1: Ball
3-1: Swinging Strike
3-2: Ground out 4-3 (Groundball, 4D)
Batting: RHB António Martínez 0-0: Ball
1-0: Swinging Strike
1-1: Foul Ball, location: 2F
1-2: Ball
2-2: Ball
3-2: Foul Ball, location: 2F
3-2: Base on Balls
Batting: SHB Salvador Trevino 0-0: Ball
1-0: Ball
2-0: Ball
3-0: Fly out, F7 (Flyball, 7S)
Batting: LHB José Corona 0-0: Called Strike
0-1: Swinging Strike
0-2: Ball
1-2: SINGLE (Groundball, P) (infield hit)
António Martínez to second
Batting: LHB Nathan Tanner 0-0: Foul Ball, location: 2F
0-1: Ball
1-1: Ball
2-1: 3-RUN HOME RUN (Flyball, 89XD), Distance : 420 ft
Batting: SHB Fernando Sánchez 0-0: Ball
1-0: Called Strike
1-1: Ball
2-1: Ball
3-1: Base on Balls
Batting: RHB Rafael Arredondo 0-0: Swinging Strike
0-1: Called Strike
0-2: Ball
1-2: Strikes out swinging
Top of the 3rd over - 3 run(s), 2 hit(s), 0 error(s), 1 left on base; Wizarding 3 - Oakland 1
BOTTOM OF THE 3RD
Oakland Oaks batting - Pitching for Wizarding Express : LHP Todd Hines
Batting: SHB Luis Luquín 0-0: Ball
1-0: Foul Ball, location: 2F
1-1: Ball
2-1: Foul Ball, location: 2F
2-2: Strikes out swinging
Batting: LHB Todd Henry 0-0: Called Strike
0-1: Foul Ball, location: 2F
0-2: Strikes out looking
Batting: LHB Edwin Church 0-0: Ball
1-0: Called Strike
1-1: Foul Ball, location: 2F
1-2: Strikes out looking
Bottom of the 3rd over - 0 run(s), 0 hit(s), 0 error(s), 0 left on base; Wizarding 3 - Oakland 1
TOP OF THE 4TH
Wizarding Express batting - Pitching for Oakland Oaks : RHP Matt Webber
Batting: RHB Chi-ju Zhang 0-0: Ball
1-0: Called Strike
1-1: Ground out 6-3 (Groundball, 6D)
Batting: SHB Félix Cruz 0-0: Ball
1-0: Foul Ball, location: 2F
1-1: Swinging Strike
1-2: Ball
2-2: Strikes out looking
Batting: SHB Emílio Gonzáles 0-0: Ball
1-0: Ball
2-0: Foul Ball, location: 2F
2-1: Ground out 4-3 (Groundball, 4)
Top of the 4th over - 0 run(s), 0 hit(s), 0 error(s), 0 left on base; Wizarding 3 - Oakland 1
BOTTOM OF THE 4TH
Oakland Oaks batting - Pitching for Wizarding Express : LHP Todd Hines
Batting: RHB Micah Coffey 0-0: DOUBLE (Line Drive, 8RD)
Batting: LHB Jorge Vargas 0-0: Swinging Strike
0-1: Called Strike
0-2: Strikes out looking
Batting: LHB David Holbrook 0-0: Called Strike
0-1: Foul Ball, location: 2F
0-2: Ball
1-2: Strikes out swinging
Batting: RHB Manuel Rodríguez 0-0: Ground out 4-3 (Groundball, 4)
Bottom of the 4th over - 0 run(s), 1 hit(s), 0 error(s), 1 left on base; Wizarding 3 - Oakland 1
TOP OF THE 5TH
Wizarding Express batting - Pitching for Oakland Oaks : RHP Matt Webber
Batting: RHB António Martínez 0-0: Ball
1-0: Fly out, F9 (Flyball, 9S)
Batting: SHB Salvador Trevino 0-0: Called Strike
0-1: Swinging Strike
0-2: Ball
1-2: Ball
2-2: Ball
3-2: Strikes out swinging
Batting: LHB José Corona 0-0: Called Strike
0-1: Ball
1-1: Foul Ball, location: 2F
1-2: Foul Ball, location: 2F
1-2: Strikes out swinging
Top of the 5th over - 0 run(s), 0 hit(s), 0 error(s), 0 left on base; Wizarding 3 - Oakland 1
BOTTOM OF THE 5TH
Oakland Oaks batting - Pitching for Wizarding Express : LHP Todd Hines
Batting: SHB Orlando Villa 0-0: Foul Ball, location: 2F
0-1: Ball
1-1: Ground out 4-3 (Groundball, 4)
Batting: LHB Bryce Reilly 0-0: Called Strike
0-1: Ball
1-1: Ball
2-1: Swinging Strike
2-2: SINGLE (Line Drive, 89S)
Batting: SHB Luis Luquín 0-0: Called Strike
Bryce Reilly steals 2nd base
0-1: Ball
1-1: Swinging Strike
1-2: Ball
2-2: Ball
3-2: Strikes out swinging
Batting: LHB Todd Henry 0-0: Ball
1-0: Ground out 5-3 (Groundball, 56S)
Bottom of the 5th over - 0 run(s), 1 hit(s), 0 error(s), 1 left on base; Wizarding 3 - Oakland 1
TOP OF THE 6TH
Wizarding Express batting - Pitching for Oakland Oaks : RHP Matt Webber
Batting: LHB Nathan Tanner 0-0: Foul Ball, location: 2F
0-1: Ball
1-1: SOLO HOME RUN (Flyball, 78XD), Distance : 425 ft
Batting: SHB Fernando Sánchez 0-0: Foul Ball, location: 2F
0-1: Swinging Strike
0-2: SINGLE (Groundball, 34D)
Batting: RHB Rafael Arredondo 0-0: Ball
1-0: Ball
2-0: Fly out, F5 (Popup, 5L)
Batting: RHB Chi-ju Zhang 0-0: Ball
1-0: Ball
2-0: Ball
3-0: Called Strike
3-1: Base on Balls
Fernando Sánchez to second
Pitching: RHP Gil Brown
Batting: SHB Félix Cruz 0-0: Called Strike
0-1: Ball
1-1: Ball
2-1: Foul Ball, location: 2F
2-2: Foul Ball, location: 2F
2-2: Ball
3-2: Base on Balls
Fernando Sánchez to third
Chi-ju Zhang to second
Batting: SHB Emílio Gonzáles 0-0: Ball
1-0: Foul Ball, location: 2F
1-1: Ball
2-1: Foul Ball, location: 2F
2-2: Foul Ball, location: 2F
2-2: Strikes out looking
Batting: RHB António Martínez 0-0: Called Strike
0-1: Foul Ball, location: 2F
0-2: Ball
1-2: Fly out, F9 (Flyball, 9D)
Top of the 6th over - 1 run(s), 2 hit(s), 0 error(s), 3 left on base; Wizarding 4 - Oakland 1
BOTTOM OF THE 6TH
Oakland Oaks batting - Pitching for Wizarding Express : LHP Todd Hines
Batting: LHB Edwin Church 0-0: Ball
1-0: Called Strike
1-1: Called Strike
1-2: Strikes out looking
Batting: RHB Micah Coffey 0-0: Foul Ball, location: 2F
0-1: Foul Ball, location: 2F
0-2: Ball
1-2: Ball
2-2: Foul Ball, location: 2F
2-2: Ball
3-2: Fly out, F9 (Flyball, 9)
Batting: LHB Jorge Vargas 0-0: Fly out, F9 (Flyball, 9)
Bottom of the 6th over - 0 run(s), 0 hit(s), 0 error(s), 0 left on base; Wizarding 4 - Oakland 1
TOP OF THE 7TH
Wizarding Express batting - Pitching for Oakland Oaks : RHP Gil Brown
Batting: SHB Salvador Trevino 0-0: Called Strike
0-1: Ball
1-1: Ball
2-1: Swinging Strike
2-2: Strikes out swinging
Pitching: RHP Júlio Maes
Batting: LHB José Corona 0-0: Called Strike
0-1: Foul Ball, location: 2F
0-2: Ball
1-2: SINGLE (Flyball, 8LS)
Batting: LHB Nathan Tanner 0-0: Ball
1-0: Ball
José Corona steals 2nd base
2-0: Ball
3-0: Base on Balls
Batting: SHB Fernando Sánchez 0-0: Called Strike
0-1: Hit by Pitch
José Corona to third
Nathan Tanner to second
Batting: RHB Rafael Arredondo 0-0: Called Strike
0-1: Foul Ball, location: 2F
0-2: Ball
1-2: Fly out, F8 (Flyball, 8LD)
Runner from 3rd tags up, SCORES, no throw
Nathan Tanner to third
Batting: RHB Chi-ju Zhang 0-0: Ground out U3 (Groundball, 34S)
Top of the 7th over - 1 run(s), 1 hit(s), 0 error(s), 2 left on base; Wizarding 5 - Oakland 1
BOTTOM OF THE 7TH
Oakland Oaks batting - Pitching for Wizarding Express : LHP Todd Hines
Batting: LHB David Holbrook 0-0: Ball
1-0: Ball
2-0: Ground out 5-3 (Groundball, 25)
Batting: RHB Manuel Rodríguez 0-0: Called Strike
0-1: Ball
1-1: SINGLE (Groundball, 56D)
Batting: SHB Orlando Villa 0-0: Foul Ball, location: 2F
0-1: Ball
1-1: 2-RUN HOME RUN (Flyball, 7LD), Distance : 356 ft
Batting: LHB Bryce Reilly 0-0: Called Strike
0-1: Fly out, F9 (Flyball, 9LS)
Batting: SHB Luis Luquín 0-0: Called Strike
0-1: Ball
1-1: Called Strike
1-2: Ground out 6-3 (Groundball, 6)
Bottom of the 7th over - 2 run(s), 2 hit(s), 0 error(s), 0 left on base; Wizarding 5 - Oakland 3
TOP OF THE 8TH
Wizarding Express batting - Pitching for Oakland Oaks : RHP Júlio Maes
Batting: SHB Félix Cruz 0-0: DOUBLE (Line Drive, 9LM)
Batting: SHB Emílio Gonzáles 0-0: Ball
1-0: Called Strike
1-1: Ball
2-1: Foul Ball, location: 2F
2-2: Strikes out swinging
Pitching: LHP Finn Wuilink
Batting: RHB António Martínez 0-0: Ball
1-0: Ball
2-0: Ball
3-0: Base on Balls
Batting: SHB Salvador Trevino 0-0: Ball
1-0: Foul Ball, location: 2F
1-1: Fly out, F7 (Flyball, 7)
Batting: LHB José Corona 0-0: Foul Ball, location: 2F
0-1: Called Strike
0-2: Strikes out looking
Top of the 8th over - 0 run(s), 1 hit(s), 0 error(s), 2 left on base; Wizarding 5 - Oakland 3
BOTTOM OF THE 8TH
Oakland Oaks batting - Pitching for Wizarding Express : LHP Todd Hines
Batting: LHB Todd Henry 0-0: Ball
1-0: DOUBLE (Line Drive, 89XD)
Pitching: LHP Eijiro Takahashi
Batting: LHB Edwin Church 0-0: Ball
1-0: Fly out, F9 (Flyball, 9D)
Pitching: RHP Enrico Reséndez
Batting: RHB Micah Coffey 0-0: Called Strike
0-1: Ball
1-1: Called Strike
1-2: Strikes out swinging
Pitching: RHP Juan Cantú
Batting: LHB Jorge Vargas 0-0: Ball
1-0: Ball
2-0: Called Strike
2-1: Ball
3-1: Base on Balls
Pitching: LHP Ming-jiang Wu
Pinch Hitting: RHB Joe Phillips 0-0: Fly out, F9 (Flyball, 9LMF)
Bottom of the 8th over - 0 run(s), 1 hit(s), 0 error(s), 2 left on base; Wizarding 5 - Oakland 3
TOP OF THE 9TH
Wizarding Express batting - Pitching for Oakland Oaks : LHP Finn Wuilink
Pitching: RHP Seb Alport
Now at 3B: Vicente Rodríguez
Batting: LHB Nathan Tanner 0-0: Ball
1-0: Foul Ball, location: 2F
1-1: Ball
2-1: Ball
3-1: Base on Balls
Batting: SHB Fernando Sánchez 0-0: Called Strike
0-1: Fly out, F9 (Flyball, 9D)
Batting: RHB Rafael Arredondo 0-0: Ball
1-0: Foul Ball, location: 2F
1-1: Ball
2-1: Ball
3-1: Foul Ball, location: 2F
3-2: SINGLE (Groundball, 6) (infield hit)
Nathan Tanner to second
Batting: RHB Chi-ju Zhang 0-0: Ball
1-0: SINGLE (Groundball, 6MD)
Nathan Tanner to third
Rafael Arredondo to second
Throwing error, E8
Nathan Tanner scores
Rafael Arredondo to third
Chi-ju Zhang to second
Batting: SHB Félix Cruz 0-0: Fly out, F8 (Flyball, 8RXD)
Runner from 3rd tags up, SCORES, no throw
Chi-ju Zhang to third
Batting: SHB Emílio Gonzáles 0-0: Called Strike
0-1: Ball
1-1: SINGLE (Groundball, 34D)
Chi-ju Zhang scores
Pitching: LHP José Castaneda
Batting: RHB António Martínez 0-0: Fly out, F7 (Flyball, 78M)
Top of the 9th over - 3 run(s), 3 hit(s), 1 error(s), 1 left on base; Wizarding 8 - Oakland 3
BOTTOM OF THE 9TH
Oakland Oaks batting - Pitching for Wizarding Express : LHP Ming-jiang Wu
Batting: RHB Manuel Rodríguez 0-0: Ball
1-0: Swinging Strike
1-1: Called Strike
1-2: Foul Ball, location: 2F
1-2: Ball
2-2: Ball
3-2: Foul Ball, location: 2F
3-2: Strikes out looking
Batting: SHB Orlando Villa 0-0: Called Strike
0-1: Foul Ball, location: 2F
0-2: Ball
1-2: SINGLE (Flyball, 8LS)
Batting: LHB Bryce Reilly 0-0: Called Strike
0-1: Called Strike
0-2: Foul Ball, location: 2F
0-2: Strikes out swinging
Batting: SHB Luis Luquín 0-0: Foul Ball, location: 2F
0-1: Swinging Strike
0-2: Ball
1-2: Strikes out swinging
Bottom of the 9th over - 0 run(s), 1 hit(s), 0 error(s), 1 left on base; Wizarding 8 - Oakland 3
Saturday, May 26th, 2018 - OOTP Baseball 17.12 Build 75